[Event "Early-Titled-Tuesday-Blitz-July-09-2024"]
[Site "Chess.com"]
[Date "2024.07.09"]
[Round "6"]
[White "kuchma777"]
[Black "Karttunen"]
[Result "1/2-1/2"]
[WhiteElo "2485"]
[BlackElo "2678"]
[TimeControl "180+1"]
[EndTime "9:10:23 PDT"]
[Termination "Game drawn - insufficient material"]

1. e4 e5 2. Bc4 Nf6 3. d4 exd4 4. Nf3 d5 5. exd5 Bb4+ 6. Bd2 Bxd2+ 7. Qxd2 c5 8. dxc6 Nxc6 9. O-O O-O 10. Bb5 Qb6 11.
Bxc6 bxc6 12. Qxd4 c5 13. Qc3 Ne4 14. Qb3 Qc6 15.
Nbd2 Nxd2 16. Nxd2 Bb7 17. f3 Rab8 18. Qc3 Ba6 19. Rfd1 c4 20. Kh1 Qb6 21. b3 cxb3 22. axb3 Be2 23. Re1 Rfe8 24. Ne4 Bb5 25. Rad1 Rbc8 26.
Qb2 Qe6 27. c4 Bc6 28. Qf2 Bxe4 29. Rxe4 Qa6 30. Qe3 Rf8 31. h3 Qa3 32. Re7 a5 33. Rdd7 a4 34. bxa4 Qa1+ 35. Kh2 Qxa4 36. c5 Qc4 37.
Qe5 Rxc5 38. Qd6 Rcc8 39. Qg3 h6 40. Qg4 Qc3 41. Qg3 Qf6 42. Re4 Rc5 43. Rf4 Qc6 44.
Rdd4 Rg5 45. Rg4 f6 46. Rxg5 hxg5 47. Qd6 Qc8 48. Qd5+ Kh7 49. h4 gxh4 50. Rxh4+ Kg6 51. Qd3+ f5 52. Rg4+ Kh6 53. Qe3+ Kh7 54. Rh4+ Kg8 55.
Qb3+ Rf7 56. Rc4 Qe8 57. Qc2 Qe5+ 58. g3 Rd7 59. Rc8+ Kh7 60. Rc5 Rd5 61. Rxd5 Qxd5 62.
Kg2 g6 63. Qe2 Qd6 64. Qe3 Kg7 65. Qc3+ Kf7 66. Qc4+ Kg7 67. Qc3+ Kh7 68. Qe3 Qf6 69. Kf2 g5 70. Qe2 Qd4+ 71. Kg2 Qf6 72. Qd3 Kg6 73.
g4 Qe6 74. gxf5+ Qxf5 75. Qxf5+ Kxf5 76. Kg3 Kg6 77. Kg4 Kf6 78. Kg3 Kf5 79. Kf2 Kf4 80.
Kg2 g4 81. fxg4 Kxg4 1/2-1/2

[Event "Early-Titled-Tuesday-Blitz-July-09-2024"]
[Site "Chess.com"]
[Date "2024.07.09"]
[Round "6"]
[White "chess_blitz00"]
[Black "Nekoo04"]
[Result "1-0"]
[WhiteElo "2520"]
[BlackElo "2379"]
[TimeControl "180+1"]
[EndTime "9:10:24 PDT"]
[Termination "chess_blitz00 won by resignation"]

1. b3 Nf6 2. Bb2 g6 3. Nf3 Bg7 4. e3 O-O 5. Be2 d5 6. O-O c5 7. d3 Nc6 8. c4 d4 9. exd4 cxd4 10. b4 Nxb4 11. Bxd4 Bg4 12. Bc3 Bxf3 13. Bxf3 Nxd3 14.
Bxb7 Rb8 15. Bf3 Nc5 16. Nd2 Qd3 17. Rc1 Rfd8 18. Qc2 Rbc8 19. Nb3 Bh6 20. Nxc5 Rxc5 21. Bb4 Bxc1 22. Qxd3 Rxd3 23. Bxc5 Bh6 24. Bxe7 Nd7 25. c5 Rc3 26. c6 Ne5 27. Rd1 Kg7 28. Bb4 Nxf3+ 29.
gxf3 Rxc6 30. Kg2 Bf4 31. Rd4 Be5 32. Rd5 Bf6 33. Ra5 Rc7 34. Bc5 Be5 35. Bxa7 f6 36. Be3 Rc4 37. Ra7+ Kf8 38. a4 h5 39. a5 Ra4 40. Bb6 Ke8 41. Ra8+ Ke7 42. a6 Kd7 43. a7 Ke6 44. Re8+ Kf5 45. a8=Q Rxa8 46.
Rxa8 h4 47. Be3 g5 48. h3 Kg6 49. Ra4 Kf5 50. f4 gxf4 51. Bd2 Kg6 52. Kf3 Kf5 53.
Bxf4 Bc3 54. Be3 Be5 55. Rg4 Ke6 56. Bd4 Bd6 57. Rxh4 Kf5 58. Bxf6 Kxf6 59. Rh6+ Ke5 60. Rxd6 Kxd6 61. Kg4 Ke7 62. Kf5 Kf7 63. f4 Kg7 64.
Ke6 Kf8 65. f5 Ke8 66. Kf6 Kf8 67. h4 Kg8 68. Ke7 Kh7 69. f6 Kg6 70. f7 Kh7 71. f8=Q 1-0

[Event "Early-Titled-Tuesday-Blitz-July-09-2024"]
[Site "Chess.com"]
[Date "2024.07.09"]
[Round "6"]
[White "AwareIdea"]
[Black "NikitaShnadrygin"]
[Result "1/2-1/2"]
[WhiteElo "2492"]
[BlackElo "2729"]
[TimeControl "180+1"]
[EndTime "9:10:25 PDT"]
[Termination "Game drawn by agreement"]

1. c4 Nf6 2. d4 g6 3. Nc3 d5 4. Bg5 Ne4 5. Bh4 Nxc3 6. bxc3 dxc4 7. e3 Be6 8. Be2 Bg7 9. Nh3 Bxh3 10. gxh3 O-O 11.
Bxc4 c5 12. O-O Nc6 13. Qf3 Rc8 14. Bd5 Qd7 15. Rab1 e6 16. Be4 f5 17. Bxc6 Rxc6 18. dxc5 e5 19. Rfd1 Qf7 20. Qd5 h6 21. f3 Qxd5 22.
Rxd5 Rf7 23. Bf2 e4 24. Kg2 Bxc3 25. Rd6 Rxc5 26. Rxg6+ Kh7 27. Re6 Rg7+ 28. Bg3 Be5 29. Rf1 Rc2+ 30. Rf2 exf3+ 31. Kxf3 Rxf2+ 32. Kxf2 Bc3 33. Kf3 Rf7 34. Be5 Bxe5 35. Rxe5 Kg6 36. Kf4 Rc7 37. Re6+ Kf7 38. Re5 Rc2 39. Rxf5+ Kg6 40. Rb5 b6 41. a4 Rc4+ 42. e4 Rxa4 43. Rd5 Ra2 44. Kg3 Re2 45.
Rd7 Rxe4 46. Rxa7 Rb4 47. Rb7 Kg5 48. h4+ Kh5 49. Rc7 Rb3+ 50. Kf4 Kxh4 51. Rc6 h5 52. Rc4 Kh3 53. Rc2 h4 54. Rd2 b5 55. Rc2 b4 56.
Rd2 Rb1 57. Rd3+ Kxh2 58. Kg4 b3 59. Kxh4 Kg2 60. Kg4 b2 61. Rb3 Kf2 62. Kf4 Ke2 63. Ke4 Kd2 64. Kd4 Kc2 65. Rc3+ Kd1 66. Rd3+ Ke2 67. Re3+ Kf2 68. Rd3 Rc1 69. Rd2+ Ke1 70. Rxb2 Rd1+ 71. Kc3 Rd8 72. Rb7 Ke2 73. Kc2 Rc8+ 74.
Kb2 Kd3 1/2-1/2

[Event "Early-Titled-Tuesday-Blitz-July-09-2024"]
[Site "Chess.com"]
[Date "2024.07.09"]
[Round "6"]
[White "KnightmareJoker"]
[Black "Dewarfd"]
[Result "0-1"]
[WhiteElo "2303"]
[BlackElo "2087"]
[TimeControl "180+1"]
[EndTime "9:10:25 PDT"]
[Termination "Dewarfd won by checkmate"]

1. e4 c5 2. Nc3 g6 3. Nge2 Nc6 4. d4 cxd4 5. Nxd4 Bg7 6. Be3 Nf6 7. Bc4 O-O 8. Bb3 d5 9. exd5 Na5 10. Qd2 Nxb3 11.
Nxb3 b5 12. Rd1 b4 13. Ne2 Bf5 14. Ng3 Be4 15. Nxe4 Nxe4 16. Qxb4 Nd6 17. c3 a5 18. Qa4 Nf5 19. Bc5 Qc7 20. O-O Rfb8 21. Rfe1 Rxb3 22.
Qxb3 Qxc5 23. Qb7 Rc8 24. h3 Bf8 25. Qb3 Nd6 26. Qc2 Qc4 27. a3 Qf4 28. Qd2 Qxd2 29.
Rxd2 Nc4 30. Rde2 a4 31. Rc1 Rb8 32. Rcc2 f6 33. g3 Kf7 34. Kg2 Bh6 35. f4 Nd6 36. Kf3 g5 37. Re6 gxf4 38. Rce2 Bf8 39. Kxf4 Nc4 40. R6e4 Nxb2 41. Rb4 Nd3+ 42. Ke4 Nxb4 43. cxb4 e6 44. dxe6+ Kxe6 45. Kd4+ Kf5 46. Rf2+ Kg6 47. Kc4 Bd6 48. Rf3 h5 49. Rd3 Be5 50. g4 hxg4 51.
hxg4 Kg5 52. Kd5 Kxg4 53. Ke4 Rc8 54. Rd1 Rc4+ 55. Kd5 Rc3 56. b5 Rxa3 57. Rb1 Rb3 58. Rc1 Rxb5+ 59. Kc6 Rb2 60. Rc4+ Bf4 61. Rxa4 f5 62.
Kd5 Re2 63. Ra8 Bg5 64. Rg8 f4 65. Kd4 f3 66. Kd3 Re3+ 67. Kd4 Re7 68. Kd3 f2 69. Rf8 Kg3 70. Kd4 Bf4 71. Rg8+ Kf3 72. Kc3 f1=Q 73. Rd8 Qa1+ 74. Kc2 Rc7+ 75. Kd3 Qd1# 0-1

[Event "Early-Titled-Tuesday-Blitz-July-09-2024"]
[Site "Chess.com"]
[Date "2024.07.09"]
[Round "6"]
[White "mind1mover"]
[Black "Rud_Makarian"]
[Result "1-0"]
[WhiteElo "2827"]
[BlackElo "2995"]
[TimeControl "180+1"]
[EndTime "9:10:26 PDT"]
[Termination "mind1mover won by checkmate"]

1. c4 e6 2. Nc3 d5 3. e3 Nf6 4. Nf3 dxc4 5. Bxc4 a6 6. a4 b6 7. O-O Bb7 8. d4 c5 9. Qe2 Be7 10. Rd1 Qc7 11. e4 cxd4 12. Nxd4 O-O 13. f3 Nc6 14. Nxc6 Qxc6 15. Be3 Rfc8 16. Bb3 Bc5 17. Rac1 Nd7 18. Bc2 a5 19. Bd3 Bxe3+ 20. Qxe3 Nc5 21. Bb5 Qc7 22.
Rc2 Rd8 23. Rcd2 h6 24. Rd4 e5 25. R4d2 Ne6 26. Rd7 Rxd7 27. Rxd7 Qc5 28. Qxc5 Nxc5 29. Rd6 Bc8 30. Rd8+ Kh7 31. Bc6 Rb8 32. Nd5 Na6 33. Bb5 Be6 34. Rxb8 Nxb8 35. Nxb6 g6 36. Kf2 Kg7 37.
Ke3 f5 38. Kd2 Kf6 39. Kc3 Kg5 40. b4 axb4+ 41. Kxb4 fxe4 42. fxe4 Kf4 43. Kc5 Kxe4 44. Kd6 Bf5 45. Kc7 Kd4 46. Kxb8 Kc5 47. Kc7 e4 48.
Be2 e3 49. a5 Be4 50. g3 Kd4 51. a6 Kc3 52. a7 Kd2 53. Bb5 e2 54. Bxe2 Kxe2 55. Kd6 Bb7 56. Kc7 Be4 57. Na4 Kf3 58. Nc5 Ba8 59. Kb8 Bd5 60. Nb7 Kg2 61. a8=Q Kxh2 62.
Qa3 h5 63. Qd6 Bf3 64. g4+ Kh3 65. gxh5 gxh5 66. Nc5 h4 67. Qf4 Bg2 68. Nd3 Bd5 69. Qe5 Bf3 70. Qg5 Bg2 71. Nf4+ Kh2 72. Qxg2# 1-0

[Event "Early-Titled-Tuesday-Blitz-July-09-2024"]
[Site "Chess.com"]
[Date "2024.07.09"]
[Round "6"]
[White "dretch"]
[Black "Sychev_Klementy"]
[Result "0-1"]
[WhiteElo "2882"]
[BlackElo "2956"]
[TimeControl "180+1"]
[EndTime "9:10:27 PDT"]
[Termination "Sychev_Klementy won by checkmate"]

1. d4 Nf6 2. c4 g6 3. Nc3 d5 4. e3 Bg7 5. Qb3 e6 6. Qa3 a5 7. Nf3 c6 8. b3 Ne4 9. Qb2 O-O 10. Be2 c5 11. O-O Nc6 12. Rd1 b6 13. Bd2 cxd4 14. exd4 Nxd4 15. Nxd4 Nxf2 16. Kxf2 Bxd4+ 17. Kf1 Qf6+ 18. Bf3 dxc4 19. Bg5 Qxg5 20. Rxd4 cxb3 21. Bxa8 Ba6+ 22. Kg1 Qe3+ 23. Qf2 Qxc3 24. Rad1 bxa2 25. Qxa2 Rxa8 26. Qf2 Rf8 27. Rd6 Bc4 28. Qxb6 Bd5 29. Rd8 Rxd8 30. Qxd8+ Kg7 31. Qb6 Qc2 32. Qd4+ Kg8 33. Rd2 Qc1+ 34. Kf2 a4 35. h4 a3 36. h5 gxh5 37. Rd3 Qc2+ 38.
Ke1 Qb1+ 39. Kf2 Qb2+ 40. Kg3 Qxg2+ 41. Kf4 Qg4+ 42. Ke5 Qg5+ 43. Kd6 Qd8+ 44. Kc5 Qe7+ 45. Kb5 Qb7+ 46. Ka5 Qa8+ 47. Kb6 Qb8+ 48. Ka5 Qd8+ 49. Ka6 Qa8+ 50. Kb6 Qc6+ 51. Ka5 Qc7+ 52. Ka6 Qc4+ 53.
Kb6 Qxd4+ 54. Rxd4 a2 55. Ra4 h4 56. Kc5 h3 57. Kd6 h2 58. Ke7 h1=Q 59. Rg4+ Kh8 60. Kf8 h5 61. Rg8+ Kh7 62. Rg7+ Kh6 63. Kg8 h4 64.
Kh8 Kh5 65. Kh7 Be4+ 66. Kh8 h3 67. Rg1 a1=Q+ 68. Rg7 Qxg7+ 69. Kxg7 h2 70. Kg8 Bf5 71. Kg7 Qg2+ 72. Kh8 Qb2+ 73. Kg8 Kg6 74. Kf8 Qh8+ 75. Ke7 h1=Q 76. Kd7 e5+ 77. Kd6 Qd1+ 78. Ke7 Qhd8# 0-1

[Event "Early-Titled-Tuesday-Blitz-July-09-2024"]
[Site "Chess.com"]
[Date "2024.07.09"]
[Round "6"]
[White "Erdnya15"]
[Black "YairParkhov"]
[Result "0-1"]
[WhiteElo "2591"]
[BlackElo "2763"]
[TimeControl "180+1"]
[EndTime "9:10:29 PDT"]
[Termination "YairParkhov won on time"]

1. g3 Nf6 2. Bg2 g6 3. Nf3 Bg7 4. O-O O-O 5. d3 a5 6. Nbd2 a4 7. a3 c5 8. e4 Nc6 9. Re1 d6 10. Nc4 b5 11. Ne3 Rb8 12. Nd5 Nd7 13. Rb1 e6 14. Nc3 Ba6 15. Be3 Qa5 16. d4 cxd4 17.
Nxd4 Nde5 18. Nxc6 Nxc6 19. Qxd6 Rbc8 20. Na2 Rfd8 21.
Qf4 b4 22. axb4 Nxb4 23. Bd2 g5 24. Bxb4 Qxb4 25. Nxb4 gxf4 26. Nxa6 Rxc2 27. Nb4 Rxb2 28. gxf4 a3 29. Rxb2 Bxb2 30. Na2 Rd2 31. Bf3 Kf8 32. Kg2 Ke7 33. Rd1 Rc2 34. Kf1 f5 35. exf5 exf5 36. Bd5 Kf6 37. Bb3 Rc6 38. Rd5 Rb6 39. Bc2 Rc6 40.
Rxf5+ Ke6 41. Be4 Rc4 42. f3 Rd4 43. Ke2 Ba1 44. Rb5 Bb2 45. f5+ Kf6 46. Ke3 Rd8 47.
Rb6+ Kg5 48. f4+ Kg4 49. Re6 Bd4+ 50. Ke2 Bb2 51. f6 Rf8 52. f5 Kf4 53. Re5 Bxe5 54.
Bd5 Bxf6 55. Be6 Rd8 56. Nb4 Rb8 57. Nd5+ Ke5 58. Ne3 Bg5 59. Nc4+ Kd4 60. Nxa3 Rb2+ 61. Kf3 Rxh2 62. Kg4 Be3 63. Nc4 Ke4 64. Nd6+ Ke5 65.
Nc4+ Kd4 66. Nxe3 Kxe3 67. f6 Rf2 68. Bf5 Rg2+ 69. Kh5 Kf4 70. f7 Rg5+ 71. Kh6 Rxf5 72. Kg7 h5 0-1

[Event "Early-Titled-Tuesday-Blitz-July-09-2024"]
[Site "Chess.com"]
[Date "2024.07.09"]
[Round "6"]
[White "tarno17"]
[Black "Yahisalem"]
[Result "1-0"]
[WhiteElo "2181"]
[BlackElo "1956"]
[TimeControl "180+1"]
[EndTime "9:10:33 PDT"]
[Termination "tarno17 won on time"]

1. e4 d6 2. d4 Nf6 3. Nc3 g6 4.
Be3 Bg7 5. Qd2 O-O 6. f3 Nc6 7.
O-O-O e5 8. d5 Ne7 9. g4 Bd7 10. h4 h5 11. gxh5 Nxh5 12. Nge2 Kh7 13. f4 exf4 14.
Nxf4 Nxf4 15. Bxf4 Ng8 16. h5 g5 17. Bxg5 Qxg5 18.
Qxg5 Bh6 19. Rg1 Bxg5+ 20. Rxg5 Kh6 21. Rg2 Bh3 22. Rg3 Bd7 23. Be2 Nf6 24. Rf1 Nh7 25.
Nd1 Ng5 26. Bd3 f6 27. Ne3 Rae8 28. Ng4+ Bxg4 29. Rxg4 Re5 30. Rgf4 Nh7 31. Rh1 Rxh5 32. Rxh5+ Kxh5 33. Rf2 Ng5 34. c4 b6 35. b4 Kh4 36.
a4 Kg3 37. Rf5 Kg4 38. Kd2 Nh7 39. Ke3 Rg8 40. Rf1 Rg5 41. Rg1+ Kh4 42. Rh1+ Kg4 43. Rxh7 Rh5 44. Rf7 Rh3+ 45. Kd4 Kg5 46. c5 bxc5+ 47.
bxc5 dxc5+ 48. Kc4 a6 49. Rxc7 Kf4 50. Rxc5 Ke3 51. Rc6 Rh1 52. Rxa6 Rc1+ 53. Kb5 Kxd3 54. Rxf6 Kxe4 55. Rd6 Ke5 56. Rd8 Rc2 57. a5 Rb2+ 58. Ka6 Kf6 59. d6 Ke6 60. Ka7 Kf7 61. a6 Rb4 62. Ka8 Rb6 63. a7 Rb5 64. Rd7+ Ke6 65. Rb7 Ra5 66. Kb8 Kxd6 67. a8=Q Rxa8+ 68. Kxa8 Kc6 69. Kb8 1-0

[Event "Early-Titled-Tuesday-Blitz-July-09-2024"]
[Site "Chess.com"]
[Date "2024.07.09"]
[Round "6"]
[White "FXDon77"]
[Black "champ2005"]
[Result "1-0"]
[WhiteElo "2875"]
[BlackElo "3034"]
[TimeControl "180+1"]
[EndTime "9:10:37 PDT"]
[Termination "FXDon77 won by resignation"]

1. e4 c5 2. Nf3 Nc6 3. d4 cxd4 4. Nxd4 Nf6 5. Nc3 d6 6. Bg5 e6 7. Qd2 a6 8. O-O-O Bd7 9. Kb1 b5 10. Nxc6 Bxc6 11. f3 Rc8 12. h4 h6 13. Be3 h5 14.
Bg5 Be7 15. Bd3 b4 16. Ne2 a5 17. Rc1 O-O 18. c3 Qb6 19. Be3 Qb8 20. Nd4 Bd7 21. c4 a4 22. Rhg1 b3 23. a3 d5 24. e5 Ne8 25. cxd5 Rxc1+ 26. Rxc1 exd5 27. f4 Nc7 28. Bf5 Bxf5+ 29. Nxf5 Re8 30. g4 hxg4 31. Qg2 Bf8 32. Qxg4 Re6 33. h5 Nb5 34. Bc5 g6 35. hxg6 Rxg6 36. Qh5 Bxc5 37. Rh1 Kf8 38. Qxg6 fxg6 39. Rh8+ Kf7 40. Rxb8 Nxa3+ 41. bxa3 gxf5 42. Ra8 d4 43. Rxa4 d3 44. Ra8 Bb6 45. Kc1 Be3+ 46.
Kd1 Bxf4 47. Rb8 Bxe5 48. Rxb3 Ke6 49. Rxd3 Bd6 50. a4 Kd7 51. Ke2 Kc6 52. Kf3 Bc7 53. Rb3 f4 54. Rb5 Bd6 55. Ke4 Bc7 56. Rb3 Bd6 57. Kd4 Bc7 58. Kc4 Bb6 59. Rh3 Bd8 60.
Rh6+ Kb7 61. Kb5 Bc7 62. Rf6 Ka8 63. Rf7 Bd6 64. Ka6 Kb8 65. Kb6 Kc8 66. Kc6 Ba3 67.
Rxf4 Kb8 68. Rf7 Ka8 69. Kb6 Kb8 70. Rb7+ Kc8 71. Rc7+ Kb8 72. Rh7 Kc8 73. Rh8+ Kd7 74. a5 1-0

[Event "Early-Titled-Tuesday-Blitz-July-09-2024"]
[Site "Chess.com"]
[Date "2024.07.09"]
[Round "6"]
[White "Pachonpower"]
[Black "glucolisis04"]
[Result "1-0"]
[WhiteElo "2469"]
[BlackElo "2300"]
[TimeControl "180+1"]
[EndTime "9:10:41 PDT"]
[Termination "Pachonpower won on time"]

1. d4 Nf6 2. Nf3 e6 3. Nbd2 c5 4. e3 Nc6 5. c3 b6 6. Bd3 Bb7 7. O-O Be7 8. Qe2 O-O 9. dxc5 Bxc5 10. e4 e5 11. Nc4 Qc7 12. Bg5 Be7 13. Ne3 d6 14. Nf5 Bc8 15. Nxe7+ Qxe7 16. Rad1 Bg4 17. h3 Bh5 18. Rfe1 h6 19. Bh4 g5 20. Bg3 Bg6 21.
Nh2 Nh5 22. Ng4 Kg7 23. Bb5 Nd8 24. Qd3 f6 25. Qxd6 Qxd6 26. Rxd6 Nf7 27. Rd7 Rfd8 28. Rc7 a6 29. Bc4 b5 30. Bb3 Rac8 31. Ra7 Ra8 32. Re7 Re8 33. Rd7 Red8 34. Red1 Nf4 35. Bxf4 gxf4 36. f3 Rxd7 37. Rxd7 Rd8 38. Ra7 Rd2 39. Nf2 Rxb2 40. Nd3 Rb1+ 41. Kh2 h5 42. Nc5 h4 43. Ne6+ Kh6 44. Nf8 Ng5 45. Rxa6 Rb2 46. Kg1 Rb1+ 47.
Kf2 Rb2+ 48. Kf1 Rb1+ 49. Ke2 Rb2+ 50. Kd3 Rxg2 51. Rxf6 Rg3 52. Rxg6+ Kh5 53. Bd1 Rxh3 54. Rg7 Kh6 55. Re7 Rh1 56. Kc2 h3 57. Rxe5 h2 58. Nd7 Rxd1 59. Kxd1 h1=Q+ 60. Kc2 Qg2+ 61. Kb3 Qxf3 62. Nf6 Qd1+ 63. Kb4 Nf3 64. Rd5 Qb1+ 65. Kc5 Qg1+ 66. Kxb5 Kg6 67. Nd7 Qb1+ 68. Kc6 Kf7 69. Nc5 Qxa2 70. Rf5+ Ke7 71. Rh5 Qa8+ 72.
Kb5 Qb8+ 73. Kc4 Qg8+ 74. Kd3 Qg6 75. Rf5 Qg3 76. Kc4 Ne1 77. Re5+ Kf7 78. Rf5+ Kg7 79. e5 Kh6 80. Rf6+ Kg7 81. Ne6+ Kh7 82. Nxf4 Qf3 83.
Rf7+ 1-0

[Event "Early-Titled-Tuesday-Blitz-July-09-2024"]
[Site "Chess.com"]
[Date "2024.07.09"]
[Round "6"]
[White "EgorYakovlev"]
[Black "Gyulamiryan-koryun"]
[Result "1/2-1/2"]
[WhiteElo "2500"]
[BlackElo "1888"]
[TimeControl "180+1"]
[EndTime "9:10:56 PDT"]
[Termination "Game drawn by agreement"]

1. e4 c5 2. Nf3 d6 3. d4 cxd4 4. Nxd4 Nf6 5. Nc3 a6 6. Bg5 e6 7. f4 Be7 8. Qf3 Nbd7 9. O-O-O Qc7 10. g4 h6 11. Bxf6 Bxf6 12. h4 Rb8 13. Be2 b5 14. g5 Be7 15. g6 Nf6 16. gxf7+ Kxf7 17. Rhg1 e5 18. Nf5 Bxf5 19. exf5 Rhc8 20. a3 e4 21. Qg3 Bf8 22. Qg6+ Ke7 23. Bh5 Qc4 24. Rg2 Kd7 25. Rgd2 Kc7 26. Rd4 Qc5 27. a4 Kb6 28. axb5 axb5 29.
Qg1 b4 30. Rxb4+ Kc6 31. Rxb8 Rxb8 32. Qxc5+ Kxc5 33. Bf7 Ra8 34. Kb1 Rd8 35. Bd5 Be7 36. Bxe4 d5 37. Bf3 d4 38. Na4+ Kb4 39. b3 d3 40.
Rxd3 Rxd3 41. cxd3 Kxb3 42. Nb2 Kc3 43. Kc1 Nd7 44.
Nd1+ Kxd3 45. Bd5 Kd4 46. Be6 Bxh4 47. Kd2 Nc5 48. Bc8 Bf6 49. Ke2 Ne4 50. Ne3 Nc3+ 51. Kf3 Kd3 52. Nf1 Kc2 53. Ba6 Kd1 54. Ng3 Kc2 55. Nh5 Bd4 56. Ng3 Kd2 57. Nf1+ Ke1 58. Ng3 Kd2 59. Ne4+ Nxe4 60. Kxe4 Bf6 61. Bc4 Ke1 62.
Kf3 Kd2 63. Kg4 Kc3 64. Be6 Kd4 65. Bc8 Ke3 66. Be6 Ke4 67. Bc8 Bd4 68. Be6 Be3 69. Bc8 Bxf4 70. Be6 Ke5 71. Bc8 Bg5 72. Be6 Bf6 73. Bc8 Kd6 74. Be6 Kc7 75. Kh5 Kd6 76.
Kg6 Ke5 77. Bb3 Kf4 78. Bd1 Kg3 79. Bh5 Kh4 80. Bd1 Kg3 81. Bh5 Kf4 82. Bd1 Ke4 83.
Bh5 Ke3 84. Bd1 Kd2 85. Bh5 1/2-1/2

[Event "Early-Titled-Tuesday-Blitz-July-09-2024"]
[Site "Chess.com"]
[Date "2024.07.09"]
[Round "6"]
[White "CristhianPortalR"]
[Black "AlexandraSamaganova"]
[Result "1-0"]
[WhiteElo "2514"]
[BlackElo "2365"]
[TimeControl "180+1"]
[EndTime "9:11:04 PDT"]
[Termination "CristhianPortalR won on time"]

1. e4 e6 2. d4 d5 3. Nc3 Nf6 4. e5 Nfd7 5. f4 c5 6. Nf3 Nc6 7. Be3 a6 8. Qd2 b5 9. a3 Qa5 10. Rd1 b4 11. axb4 Qxb4 12. Be2 Be7 13. O-O g6 14. b3 cxd4 15. Nxd4 Nxd4 16. Bxd4 Bc5 17.
Na4 Bxd4+ 18. Qxd4 Qxd4+ 19. Rxd4 Bb7 20. c4 Rb8 21.
Rfd1 Bc6 22. cxd5 Bxd5 23. Bc4 Nb6 24. Nxb6 Rxb6 25. Bxd5 exd5 26. Rxd5 O-O 27. R5d3 Rb4 28. Rf1 Rfb8 29. Rff3 a5 30. Kf2 a4 31. bxa4 Rxa4 32. Kg3 Rb2 33. Rf2 Rxf2 34. Kxf2 Rxf4+ 35. Ke3 Rg4 36. g3 Ra4 37. Rd7 Ra1 38. Kf4 Re1 39. h4 h5 40. Ra7 Kg7 41. Re7 Re2 42. Ra7 Kg8 43. Ra8+ Kg7 44. Re8 Rf2+ 45. Ke3 Rg2 46. Kf3 Ra2 47. Re7 Kf8 48. Rb7 Ra5 49. Kf4 Ra1 50.
Kg5 Re1 51. Rb5 Kg7 52. Kf4 Rf1+ 53. Ke3 Re1+ 54. Kf2 Re4 55. Kf3 Re1 56. Ra5 Kg8 57. g4 hxg4+ 58. Kxg4 Rg1+ 59. Kf4 Rf1+ 60. Kg5 Kg7 61. Kg4 Rg1+ 62. Kf3 Rf1+ 63. Kg2 Re1 64. Kf2 Rh1 65. Ra4 Rh2+ 66. Kg3 Re2 67. Ra5 Re3+ 68.
Kf4 Re1 69. Ra7 Rf1+ 70. Ke3 Re1+ 71. Kd4 Re2 72. Kd5 Rd2+ 73. Kc6 Rc2+ 74. Kd7 Rc4 75.
Ke8 Rf4 76. e6 Re4 77. Rxf7+ Kh6 78. e7 Kh5 79. Rh7+ Kg4 80. Kf8 Rf4+ 81. Rf7 Re4 82.
e8=Q 1-0

[Event "Early-Titled-Tuesday-Blitz-July-09-2024"]
[Site "Chess.com"]
[Date "2024.07.09"]
[Round "6"]
[White "VladimirKramnik"]
[Black "Boundless_Strike"]
[Result "1/2-1/2"]
[WhiteElo "2985"]
[BlackElo "2795"]
[TimeControl "180+1"]
[EndTime "9:11:13 PDT"]
[Termination "Game drawn by stalemate"]

1. e4 e5 2. Nf3 d5 3. exd5 e4 4. Qe2 Nf6 5. d3 Qxd5 6. Nc3 Bb4 7. Bd2 Bxc3 8. Bxc3 O-O 9. Ne5 Re8 10. d4 c5 11.
dxc5 Bf5 12. Rd1 Qxc5 13. Qb5 Qc8 14. Bc4 Be6 15. Bxe6 Rxe6 16. O-O Nc6 17. Nxc6 Qxc6 18. Qxc6 Rxc6 19. Bxf6 gxf6 20. c3 b5 21. Rfe1 Re8 22.
Rd4 f5 23. g3 Re5 24. Kf1 a5 25. a3 Kg7 26. Re2 Kf6 27. Red2 Ke6 28. Ke2 Rcc5 29. Ke3 Red5 30. Kf4 Rxd4 31. Rxd4 Rd5 32. Ke3 Ke5 33.
a4 bxa4 34. Rxa4 Rb5 35. b4 axb4 36. cxb4 Ke6 37. Kd4 Rd5+ 38. Kc3 Rd3+ 39. Kc4 Rf3 40. Ra2 Kd6 41. b5 Kc7 42. Rb2 Kb6 43. Kd4 f6 44.
Kd5 h5 45. Ke6 f4 46. gxf4 Rxf4 47. h3 f5 48. Kf6 Rf3 49. h4 f4 50. Kg5 e3 51.
fxe3 fxe3 52. Kxh5 Rf2 53. Rb3 e2 54. Re3 Kxb5 55.
Kg4 Kc4 56. Kg3 Rf8 57. Rxe2 Kd5 58. Kg4 Rg8+ 59. Kf5 Rf8+ 60. Kg5 Rg8+ 61. Kf6 Rf8+ 62. Kg7 Rf1 63. h5 Rg1+ 64. Kf7 Rf1+ 65. Kg7 Rg1+ 66. Kh7 Kd6 67. h6 Kd7 68. Kh8 Rg3 69. Re4 Rg1 70. Kh7 Rg2 71. Re1 Rg3 72. Re4 Rg2 73. Ra4 Ke7 74.
Ra7+ Kf8 75. Rg7 Rh2 76. Rg8+ Kf7 77. Rg7+ Kf8 78. Rg3 Kf7 79. Rf3+ Ke7 80. Kg7 Rg2+ 81. Kh8 Rh2 82. h7 Rg2 83. Rf1 Ke8 84. Ra1 Kf7 85.
Ra7+ Kf8 86. Ra8+ Kf7 87. Rg8 Rb2 88. Rg7+ Kf8 89. Rg1 Rf2 90. Rg2 Rxg2 1/2-1/2

[Event "Early-Titled-Tuesday-Blitz-July-09-2024"]
[Site "Chess.com"]
[Date "2024.07.09"]
[Round "6"]
[White "Meri-Arabidze"]
[Black "BogdanDeac"]
[Result "1/2-1/2"]
[WhiteElo "2695"]
[BlackElo "3000"]
[TimeControl "180+1"]
[EndTime "9:11:13 PDT"]
[Termination "Game drawn by repetition"]

1. d4 Nf6 2. c4 e6 3. Nc3 Bb4 4. f3 c5 5. d5 b5 6. e4 d6 7. Ne2 bxc4 8. Nf4 e5 9. Ne2 Nh5 10. g4 Bxc3+ 11. bxc3 Qh4+ 12. Kd2 Nf4 13. Nxf4 exf4 14.
Kc2 h5 15. Bxf4 Qf6 16. Bg3 hxg4 17. fxg4 Qg6 18. Bxc4 Bxg4 19. Qd3 Nd7 20. Bb5 c4 21. Qd4 O-O 22. Bxd7 Bxd7 23. Rhg1 Rfe8 24. Bxd6 Bg4 25. Be5 f6 26. h3 Rxe5 27. Rxg4 Qh6 28. Rag1 g5 29. h4 Kf7 30. hxg5 Qh2+ 31. R1g2 Qh1 32. gxf6 Rb8 33. Rg7+ Ke8 34. Rg8+ Kf7 35. Rxb8 Qxg2+ 36. Kb1 Qxe4+ 37. Qxe4 Rxe4 38. d6 Re1+ 39. Kc2 Re2+ 40. Kd1 Re6 41. Rb7+ Kxf6 42. Rxa7 Rxd6+ 43. Kc2 Ke6 44. Rc7 Kd5 45. a4 Ra6 46. Rd7+ Kc6 47. Rd4 Rxa4 48.
Kb2 Kc5 49. Rh4 Ra7 50. Rh5+ Kb6 51. Rh6+ Kb5 52. Rh5+ Ka4 53. Rh4 Rb7+ 54. Kc2 Rc7 55. Rg4 Ka3 56. Rg8 Ka4 57. Rg4 Kb5 58. Rg5+ Rc5 59.
Rg4 Rf5 60. Kb2 Re5 61. Rh4 Rd5 62. Rg4 Rd2+ 63. Ka3 Rd5 64. Kb2 Re5 65. Rh4 Rg5 66.
Rf4 Rh5 67. Re4 Rh2+ 68. Ka3 Rh5 69. Kb2 Rd5 70. Rf4 Rc5 71. Rg4 Rc6 72. Rh4 Re6 73. Rg4 Rd6 74. Rh4 Rd7 75. Rg4 Kc5 76. Rg5+ Rd5 77.
Rg4 Rd2+ 78. Ka3 Rd5 79. Kb2 Kb5 80. Rh4 Rf5 81. Rg4 Rf3 82. Rh4 Re3 83. Rg4 Rh3 84.
Rf4 Rg3 85. Re4 Rf3 86. Rh4 Rf2+ 87. Ka3 Rf5 88. Kb2 Kc5 89. Rg4 Rf3 90. Rh4 Re3 91. Rh5+ Kc6 92. Rh4 Kb5 93. Rg4 Rh3 94. Rf4 Re3 95. Rg4 1/2-1/2

[Event "Early-Titled-Tuesday-Blitz-July-09-2024"]
[Site "Chess.com"]
[Date "2024.07.09"]
[Round "6"]
[White "UK_23"]
[Black "FM_Kappeler"]
[Result "1/2-1/2"]
[WhiteElo "2401"]
[BlackElo "2272"]
[TimeControl "180+1"]
[EndTime "9:11:16 PDT"]
[Termination "Game drawn by repetition"]

1. e4 c5 2. Nf3 e6 3. g3 Nc6 4. Bg2 d5 5. exd5 exd5 6. d4 Nf6 7.
O-O Be7 8. dxc5 Bxc5 9. Nc3 O-O 10. Bg5 Be6 11. Nb5 h6 12. Bxf6 Qxf6 13. Nc7 Rac8 14. Nxd5 Qxb2 15. Nf4 Bc4 16. Re1 Qb6 17. Qd2 Rfd8 18.
Nd3 Bxd3 19. cxd3 Qa6 20. Red1 Nd4 21. Nxd4 Bxd4 22. Rab1 b6 23. Be4 Rc3 24. Rdc1 Rdc8 25. Rxc3 Rxc3 26. Rc1 Rxc1+ 27. Qxc1 g6 28. Qc4 Qxc4 29.
dxc4 f5 30. Bd5+ Kf8 31. Kf1 Ke7 32. Ke2 Kd6 33. f3 Kc5 34. Kd3 g5 35. f4 gxf4 36.
gxf4 Bg1 37. h3 Bh2 38. Be6 Bxf4 39. Bxf5 Bg5 40. Be6 Bf6 41. Ke4 Kb4 42. Kd5 Ka3 43. Kc6 Bd4 44. Kb7 a5 45. Kc6 Bc5 46. Kb5 Kxa2 47.
Ka4 Kb2 48. Bd5 Kc3 49. Be6 Kd4 50. Bf7 Ke5 51. Bg8 Kf6 52. Bd5 Kg7 53. Be6 Kf6 54.
Bd5 Kg5 55. Be6 Kh4 56. Kb5 Kg3 57. Ka4 Kf4 58. Kb5 Ke3 59. Ka4 Kd4 60. Bf7 Ke5 61. Bg8 h5 62. Bf7 h4 63. Bg8 Kf5 64. Bf7 Kf4 65. Bg8 Kg3 66. Be6 Kf4 67. Kb5 Ke3 68. Ka4 Kd4 69. Bf7 Ke5 70. Bg8 Kd6 71. Kb5 Kc7 72. Bd5 Kd6 73. Bf7 Ke5 74. Bd5 Kd4 75.
Bf7 Kc3 76. Ka4 Bb4 77. Be6 Kd4 78. Bf7 Kc5 79. Bg8 Bc3 80. Bf7 Be5 81. Bg8 Bg3 82. Bf7 Be1 83. Bg8 Kc6 84. Bf7 Kc5 85. Bg8 Bf2 86. Bf7 Bg3 87. Bg8 Bc7 88. Bf7 Bd8 89.
Bg8 Bc7 90. Bf7 Kd4 91. Bg8 Kc3 92. Bf7 Bd6 93. Bg8 Bc5 94. Bf7 Kd3 95. Bg8 Ke3 96. Bf7 Kf3 97. Be6 Kf4 98. Kb5 Ke5 99. Bg8 Kd4 100.
Ka4 Ke4 101. Bd5+ Kf5 102. Bg8 Kf4 103. Bd5 Ke5 104. Kb5 Kd6 105. Bg8 Ke5 106. Bd5 1/2-1/2